 Dungeon Crawl Stone Soup version 0.22-a0-348-gd16d139 (webtiles) character file.

109 grindst0ne the Skirmisher (level 4, -3/37 HPs)
             Began as a Mummy Fighter on Apr 9, 2018.
             Slain by Grinder (7 damage)
             ... on level 3 of the Dungeon.
             The game lasted 00:02:39 (2337 turns).

grindst0ne the Skirmisher (Mummy Fighter)           Turns: 2337, Time: 00:02:40

Health: -3/37      AC:  8    Str: 20    XL:     4   Next: 60%
Magic:  4/4        EV:  5    Int:  7    God:
Gold:   49         SH:  9    Dex: 11    Spells: 3/3 levels left

rFire    x . .     SeeInvis .   a - +0 flail
rCold    + . .     Gourm    .   c - +0 shield
rNeg     + + +     Faith    .   k - +0 chain mail
rPois    ∞         Spirit   .   (no helmet)
rElec    .         Reflect  .   (no cloak)
rCorr    .         Harm     .   (no gloves)
MR       .....                  (no boots)
Stlth    ..........             (no amulet)
HPRegen  0.12/turn              (no ring)
MPRegen  0.09/turn              (no ring)

@: no status effects
A: no food or potions, fire vulnerability, cold resistance 1, negative energy
resistance 3, torment resistance, unbreathing
a: no special abilities


You were on level 3 of the Dungeon.
You were not hungry.

You visited 1 branch of the dungeon, and saw 3 of its levels.

You collected 49 gold pieces.

Inventory:

Hand Weapons
 a - a +0 flail (weapon)
Missiles
 l - 20 poisoned needles
Armour
 b - a +0 scale mail
 c - a +0 shield (worn)
 k - a +0 chain mail (worn)
Jewellery
 d - a cursed ring of teleportation {unknown}
 e - a cursed ring of loudness {unknown}
 h - a +6 amulet of reflection {unknown}
Scrolls
 f - 2 scrolls of teleportation
 g - a scroll of fear {unknown}
 i - a scroll of blinking {unknown}
 j - a scroll of amnesia {unknown}


   Skills:
 + Level 3.9 Fighting
 + Level 2.6 Maces & Flails
 - Level 2.4 Armour
 + Level 3.2 Shields


You had 3 spell levels left.
You didn't know any spells.

Dungeon Overview and Level Annotations

Branches:
Dungeon (3/15)

Altars:

Annotations:
D:3 Grinder, Natasha


Innate Abilities, Weirdness & Mutations

You do not eat or drink.
Your flesh is vulnerable to fire.
You are immune to poison.
Your flesh is cold resistant. (rC+)
You are immune to negative energy. (rN+++)
You are immune to unholy pain and torment.
You can survive without breathing.


Message History

Grinder is lightly wounded.
Grinder hits you. x2
Your chain mail prevents you from hitting Grinder.
Grinder is lightly wounded.
Grinder hits you.
* * * LOW HITPOINT WARNING * * *
Your shield and chain mail prevent you from hitting Grinder.
Grinder is lightly wounded.
You block Grinder's attack.
You thump Grinder!
Grinder is moderately wounded.
You block Grinder's attack. Grinder hits you.
* * * LOW HITPOINT WARNING * * *
You hit Grinder but do no damage.
Grinder is moderately wounded.
You block Grinder's attack.
You sock Grinder!
Grinder is heavily wounded.
Grinder hits you!
You die...

#.#.# ##..# ##.#.# #..## .
#....# ##.## .. ##.#.##
#..# .#. #..#[# #.## ..>
##.##.# #.# .. . #...).#
#.####.#.... ....####
#######........#
.#.....####.....@5###..###
#..###..##..#####......#
#.## ##.##.## #.....!#.#
#.# #.....###........# #.#
####...........>## .# #..
.......####.......# .# ..
######## #.......## .#
#.......# #####.####
#.......# #.........


You could see Grinder.

Vanquished Creatures
  Natasha (D:3)
  3 adders (D:2)
  2 worms (D:2)
  3 dart slugs
  2 leopard geckos (D:2)
  An orc (D:3)
  A ball python (D:1)
  3 giant cockroaches
  6 goblins
  6 hobgoblins
  4 bats
  3 frilled lizards
  2 kobolds (D:1)
  8 rats
45 creatures vanquished.

Notes
Turn   | Place    | Note
-------+----------+-------------------------------------------
     0 | D:1      | grindst0ne the Mummy Fighter began the quest for the Orb.
     0 | D:1      | Reached XP level 1. HP: 18/18 MP: 1/1
   221 | D:1      | Reached XP level 2. HP: 22/24 MP: 2/2
  1155 | D:2      | Reached XP level 3. HP: 10/29 MP: 3/3
  1665 | D:2      | Reached XP level 4. HP: 34/37 MP: 4/4
  1864 | D:3      | Noticed Natasha
  1892 | D:3      | Killed Natasha
  1948 | D:3      | Noticed Natasha
  2309 | D:3      | Noticed Grinder
  2315 | D:3      | Paralysed by Grinder for 4 turns
  2337 | D:3      | Slain by Grinder

Vault maps used:
D:1:      dpeg_arrival_morbid_curiosity, minmay_pentomino_s4
D:3:      uniq_grinder, uniq_natasha

Skill      XL: |  1  2  3 |
---------------+----------+-----
Maces & Flails | 2 |  2.6
Shields        | 3 |  3.2
Fighting       | |  3.9
Armour         | |  2.4

Action                   |  1- 3 |  4- 6 || total
-------------------------+-------+-------++-------
Melee: Flail             |   150 |    58 ||   208
  Use: Scroll            |       |     1 ||     1
Armor: Scale mail        |    80 |     6 ||    86
       Chain mail        |       |    12 ||    12
Dodge: Dodged            |    45 |    18 ||    63
Block: Shield            |   107 |    29 ||   136

Table legend:
 A = Spawn XP
 B = Non-spawn XP
 C = Spawn XP percentage of total XP
 D = Spawn monster count
 E = Non-spawn monster count
 F = Spawn count percentage of total count
 G = Total turns spent on level
                    A         B        C        D         E        F      G
               +---------+---------+-------+---------+---------+-------+---------
         Total |       0 |     157 |   0.0 |       0 |      45 |   0.0 |  2337
               +---------+---------+-------+---------+---------+-------+---------
           D:1 |       0 |      38 |   0.0 |       0 |      21 |   0.0 |  1139
           D:2 |       0 |      73 |   0.0 |       0 |      18 |   0.0 |   633
           D:3 |       0 |      46 |   0.0 |       0 |       6 |   0.0 |   565
               +---------+---------+-------+---------+---------+-------+---------
